 Dungeon Crawl Stone Soup version 0.31-a0-460-g9e667d4245 (webtiles) character file.

Game seed: 17500993417300158527

1474 MisterAzrael the Grappler (level 8, -2/48 HPs)
             Began as an Octopode Shapeshifter on Aug 4, 2023.
             Was an Initiate of Yredelemnul.
             Slain by an orc warrior
             ... wielding a +0 glaive
              (11 damage)
             ... on level 6 of the Dungeon.
             The game lasted 00:07:45 (4881 turns).

MisterAzrael the Grappler (Octopode Shapeshifter)   Turns: 4881, Time: 00:07:45

Health: -2/48      AC:  1    Str: 16    XL:     8   Next: 78%
Magic:  8/8        EV: 13    Int: 10    God:    Yredelemnul [......]
Gold:   276        SH:  0    Dex: 13    Spells: 7/7 levels left

rFire   . .          .
                       - Unarmed
rCold   . . .        (no shield)
rNeg    . . .        (helmet currently unavailable)
rPois   +            (no amulet)
rElec   .            d - ring of flight
rCorr   .            c - ring of poison resistance
SInv    .            r - ring of willpower
Will    +....        (no ring)
Stlth   ++           (no ring)
HPRegen 0.28/turn    (no ring)
MPRegen 0.11/turn    (no ring)
                     (no ring)

%: no passive effects
@: beast-form, flying
A: beast (slay +4), almost no armour, amphibious, 8 rings, camouflage 1,
gelatinous body 1, (nimble swimmer 1), tentacles
a: Begin Untransformation, Renounce Religion, Recall Undead Harvest


You were on level 6 of the Dungeon.
You worshipped Yredelemnul.
Yredelemnul was noncommittal.
You were a hulking beast.
You visited 1 branch of the dungeon, and saw 6 of its levels.
You also visited: Sewer.

You collected 276 gold pieces.

Inventory:

Missiles
 k - 8 javelins
 n - 22 poisoned darts
 y - 3 curare-tipped darts
Jewellery
 c - a ring of poison resistance (right tentacle)
 d - a ring of flight (left tentacle)
 r - a ring of willpower (on tentacle)
Talismans
 b - a beast talisman (active)
Wands
 s - a wand of charming (14)
 v - a wand of light (6)
Scrolls
 e - 2 scrolls of amnesia {unknown}
 f - a scroll of blinking {unknown}
 j - a scroll of silence {unknown}
 l - 3 scrolls of revelation {unknown}
 m - 3 scrolls of identify {unknown}
 o - a scroll of immolation {unknown}
 p - a scroll of noise {unknown}
 q - 3 scrolls of teleportation {unknown}
 u - a scroll of poison {unknown}
 w - a scroll of fear {unknown}
 x - a scroll of fog {unknown}
Potions
 a - 3 potions of lignification
 g - a potion of enlightenment {unknown}
 h - 2 potions of haste {unknown}
 i - 2 potions of invisibility {unknown}
 t - 3 potions of curing {unknown}
 z - a potion of heal wounds {unknown}
 A - a potion of mutation {unknown}


   Skills:
 - Level 1.0 Fighting
 - Level 2.0 Dodging
 + Level 8.8 Unarmed Combat
 * Level 6.4 Shapeshifting


You had 7 spell levels left.
You didn't know any spells.
Your spell library contained the following spells:

 Spells                   Type           Power      Damage    Failure   Level
 Apportation              Tloc           0%         N/A       36%         1
 Freeze                   Ice            0%         1d3       36%         1
 Frozen Ramparts          Ice            0%         1d1       75%         3
 Hailstorm                Conj/Ice       0%         3d3       75%         3
 Inner Flame              Hex/Fire       0%         N/A       75%         3
 Flame Wave               Conj/Fire      0%         2d4       98%         4
 Sticky Flame             Conj/Fire      0%         2d3       98%         4
 Alistair's Intoxication  Tmut/Pois      0%         N/A       100%        5


Dungeon Overview and Level Annotations

Branches:
Dungeon (6/15)             Temple (0/1) D:5           Sewer (visited)

Altars:
Cheibriados
Dithmenos
Elyvilon
Sif Muna
Xom
Yredelemnul
Zin

Shops:
D:1 :   D:2 [


Innate Abilities, Weirdness & Mutations

You are a hulking beast.
Your limbs bulge with bestial killing power. (Slay +4)
You cannot wear most types of armour.
You are amphibious.
You can wear up to eight rings at the same time.
Your skin changes colour to match your surroundings (Stealth+).
Your rubbery body absorbs attacks. (AC +1, EV +1)
((You are camouflaged when in or above water. (Stealth+)))
You have tentacles for arms and can constrict up to eight enemies at once.


Message History

The gnoll hits you from afar with a +0 spear!
The gnoll closely misses you. The gnoll barely misses you.
You barely miss the gnoll. You grab the gnoll. You squeeze the gnoll!
The gnoll is severely wounded.
You constrict the gnoll. The gnoll hits you with a +0 spear!
You tentacle-slap the gnoll. x2
You kill the gnoll!
The dead are walking!
Done exploring.
You swap places.
You swap places.
There is a stone staircase leading down here.
You fly downwards.
Your mindless puppets stay behind to rot.
You can no longer trade souls for undead servants.
Found a stone staircase leading up.
There is a stone staircase leading up here. 2 gnolls come into view.
The gnoll shouts! x2; You hear a shout!
A gnoll comes into view. It is wielding a +0 spear.
An orc warrior comes into view. It is wielding a +0 glaive.
There is a stone staircase leading up here.
There are monsters nearby!
The orc warrior shouts!
You hear a shout!
The orc warrior misses you.
Found a shimmering blue altar of Sif Muna.
The gnoll barely misses you.
The orc warrior hits you with a +0 glaive!!
You closely miss the orc warrior. Your grab misses the orc warrior.
Your squeeze misses the orc warrior. You completely miss the orc warrior.
Your grab misses the orc warrior. The gnoll closely misses you.
An orc comes into view. It is wielding a +0 club.
The orc warrior hits you with a +0 glaive!!
* * * LOW HITPOINT WARNING * * *
The orc warrior attacks as you move away!
The orc warrior hits you with a +0 glaive!
You die...
Your body rises from the dead as a mindless zombie.

..## ...##
#.######### .....
..........# #...
#..##..#.##..# .
#..#...#.#...##...
#.......<........_
#........#hgg##..
#........#.o.#
#...<..#.#.#g..#
##.##.##.#.#o.....
#.......#.. ....#
####.###### #####
#.# #.# #.#


You could see an orc warrior, 3 gnolls and an orc.

Vanquished Creatures
  An ice beast (D:5)
  An ogre (D:5)
  5 kobold brigands (Sewer)
  2 scorpions
  4 killer bees (D:5)
  A howler monkey (D:5)
  3 orc priests
  Terence (D:3)
  4 iguanas
  A scorpion zombie (D:3)
  6 gnolls (D:5)
  10 adders
  3 river rats (Sewer)
  A white imp (D:5)
  An adder zombie (D:3)
  7 worms
  2 dart slugs
  15 orcs
  9 endoplasms
  2 giant cockroaches
  7 goblins
  2 hobgoblins (D:4)
  8 jackals (D:1)
  8 ball pythons
  4 bats
  3 frilled lizards (D:3)
  7 kobolds
  A quokka zombie (D:3)
  5 rats
124 creatures vanquished.

Vanquished Creatures (collateral kills)
  A killer bee (D:5)
  A gnoll (D:5)
  A dart slug (D:4)
  2 orcs (D:5)
  A ball python (D:4)
  A kobold (D:3)
7 creatures vanquished.

Vanquished Creatures (others)
  A killer bee zombie (D:5)
  An adder zombie (D:4)
  A gnoll zombie (D:5)
  A ball python zombie (D:4)
  2 frilled lizard zombies (D:3)
  3 orc zombies
9 creatures vanquished.

Grand Total: 140 creatures vanquished

Notes
Turn   | Place    | Note
-------+----------+-------------------------------------------
     0 | D:1      | MisterAzrael the Octopode Shapeshifter began the quest for
                  | the Orb.
     0 | D:1      | Reached XP level 1. HP: 13/13 MP: 1/1
    32 | D:1      | Reached XP level 2. HP: 17/18 MP: 2/2
   434 | D:1      | Reached skill level 4 in Unarmed Combat
   471 | D:1      | Found Rejat's Vocational Training.
   473 | D:1      | Reached XP level 3. HP: 23/23 MP: 3/3
   902 | D:2      | Found Tekhyi's Antique Armour Shop.
  1506 | D:3      | Found a glowing silver altar of Zin.
  1522 | D:3      | Noticed an angel
  1524 | D:3      | Found a shimmering altar of Xom.
  1597 | D:3      | Found a basalt altar of Yredelemnul.
  1610 | D:3      | Reached skill level 5 in Unarmed Combat
  1610 | D:3      | Reached XP level 4. HP: 15/28 MP: 4/4
  1673 | D:3      | Became a worshipper of Yredelemnul the Dark
  1806 | D:3      | Reached * piety under Yredelemnul
  1807 | D:3      | Reached XP level 5. HP: 33/33 MP: 5/5
  1890 | D:3      | Noticed Terence
  1913 | D:3      | Found a white marble altar of Elyvilon.
  1922 | D:3      | Killed Terence
  1923 | D:3      | Reached skill level 6 in Unarmed Combat
  2034 | D:3      | Found a shadowy altar of Dithmenos.
  2165 | D:4      | Reached XP level 6. HP: 14/38 MP: 6/6
  2331 | D:4      | Reached skill level 7 in Unarmed Combat
  2401 | D:4      | Identified the +6 morningstar of Dissolution {speed, Int+5}
  2677 | D:5      | Entered Level 5 of the Dungeon
  2893 | D:5      | Reached XP level 7. HP: 38/43 MP: 7/7
  3216 | D:5      | Found a snail-covered altar of Cheibriados.
  3320 | D:5      | Found a glowing drain.
  3331 | Sewer    | Entered a sewer
  3429 | Sewer    | Reached skill level 8 in Unarmed Combat
  3611 | Sewer    | Reached skill level 5 in Shapeshifting
  3611 | Sewer    | Reached XP level 8. HP: 42/48 MP: 8/8
  3656 | Sewer    | Reached ** piety under Yredelemnul
  3831 | Sewer    | Reached *** piety under Yredelemnul
  4060 | Sewer    | Reached **** piety under Yredelemnul
  4278 | D:5      | Found a staircase to the Ecumenical Temple.
  4878 | D:6      | Found a shimmering blue altar of Sif Muna.
  4881 | D:6      | Slain by an orc warrior

Illustrated notes

Levels and vault maps discovered:
D:1:      minmay_arrival_checkered_box, layout_basic, nicolae_shop_vocational
D:2:      layout_basic, serial_shops, nicolae_shop_statue_plus,
          minmay_misc_feat_ornament
D:3:      layout_rooms, grunt_temple_overflow_order_and_chaos_1,
          nicolae_yredelemnul_corpse_copse, nicolae_elyvilon_peaceful_grove,
          marbit_many_paths, hex_medium, uniq_terence
D:4:      layout_rooms
D:5:      layout_loops_cross, mainiacjoe_overflow_surrounded_room,
          minmay_temple_entry_statues_pillars, portal_sewer_entry_d,
          chequers_mini_garden
D:6:      minmay_goblin_kobold_castle, layout_loops_cross,
          mainiacjoe_overflow_small_starburst

Skill      XL: |  1  2  3  4  5  6  7  8 |
---------------+-------------------------+-----
Unarmed Combat | 4 5 6 7 8 |  8.8
Shapeshifting  | 5 6 |  6.4
Fighting       | |  1.0
Dodging        | |  2.0

Action                     |  1- 3 |  4- 6 |  7- 9 || total
---------------------------+-------+-------+-------++-------
  Melee: Unarmed           |    63 |    84 |    95 ||   242
         Constrict         |    18 |    25 |    28 ||    71
         Tentacles         |    11 |    19 |    20 ||    50
         Punch             |     1 |     5 |     8 ||    14
 Invoke: Recall Undead Har |       |     1 |       ||     1
         Dark Bargain      |       |       |     1 ||     1
  Evoke: Wand              |       |       |     4 ||     4
   Stab: Sleeping          |     9 |     6 |    10 ||    25
         Distracted        |       |     1 |       ||     1
 Armour: Skin              |     6 |     5 |     1 ||    12
  Dodge: Dodged            |    30 |    39 |    48 ||   117

Table legend: (Time is in decaauts)
 A = Elapsed time spent in this place.
 B = Non-inter-level travel time spent in this place.
 C = Inter-level travel time spent in this place.
 D = Time resting spent in this place.
 E = Time spent auto-exploring this place.
 F = Levels seen in this place.
 G = Mean time per level.
                   A        B        C        D        E       F      G
               +--------+--------+--------+--------+--------+-----+--------+
         Total |   4850 |   4767 |     83 |    503 |   3216 |   7 |  692.9 |
       Dungeon |   4004 |   3921 |     83 |    503 |   2610 |   6 |  667.3 |
         Sewer |    846 |    846 |      0 |      0 |    606 |   1 |  846.0 |
               +--------+--------+--------+--------+--------+-----+--------+

Top non-repeatable levels by time:
     D:5: 1104 daAuts
   Sewer: 846 daAuts
     D:1: 844 daAuts
     D:4: 755 daAuts
     D:2: 656 daAuts
     D:3: 632 daAuts
     D:6: 11 daAuts
